 Dungeon Crawl Stone Soup version 0.31.0-11-ge490571c62 (webtiles) character file.

Game seed: 16638526371703408588

284 Gadfly the Insei (level 6, -1/47 HPs)
             Began as a Demonspawn Monk on Feb 2, 2024.
             Slain by a killer bee (5 damage)
             ... on level 5 of the Dungeon.
             The game lasted 00:05:03 (3613 turns).

Gadfly the Insei (Demonspawn Monk)                  Turns: 3613, Time: 00:05:04

Health: -1/47      AC:  2    Str: 14    XL:     6   Next: 7%
Magic:  6/6        EV: 13    Int: 10    God:
Gold:   165        SH:  0    Dex: 15    Spells: 5/5 levels left

rFire   . .          .
                       - Unarmed
rCold   . . .        c - orb {light}
rNeg    + . .        g - +0 animal skin
rPois   +            (helmet restricted)
rElec   .            (no cloak)
rCorr   .            (no gloves)
SInv    .            (no boots)
Will    .....        (no amulet)
Stlth   +            f - ring of poison resistance
HPRegen 0.27/turn    k - ring of positive energy
MPRegen 0.10/turn

%: no passive effects
@: glowing, invisible (but backlit and visible)
A: antennae 1, ignite blood 1
a: no special abilities


You were on level 5 of the Dungeon.
You visited 1 branch of the dungeon, and saw 5 of its levels.

You collected 165 gold pieces.

Inventory:

Hand Weapons
 b - a +2 dagger of freezing
Armour
 c - an orb of light (worn)
 g - a +0 animal skin (worn)
Jewellery
 f - a ring of poison resistance (left hand)
 k - a ring of positive energy (right hand)
 n - a ring of flight
Wands
 i - a wand of roots (15) (quivered)
 q - a wand of paralysis (4)
Scrolls
 a - a scroll of enchant armour {unknown}
 j - a scroll of revelation
 m - a scroll of teleportation {unknown}
 o - a scroll of enchant weapon {unknown}
Potions
 h - a potion of curing
 l - a potion of ambrosia
 p - a potion of haste {unknown}


   Skills:
 + Level 3.0 Fighting
 + Level 3.5 Dodging
 * Level 4.0 Unarmed Combat
 * Level 2.9 Evocations
 * Level 2.3 Shapeshifting


You had 5 spell levels left.
You didn't know any spells.
Your spell library contained the following spells:

 Spells                   Type           Power      Damage    Failure   Level
 Call Imp                 Summ           0%         N/A       50%         2
 Sublimation of Blood     Necr           0%         N/A       50%         2
 Summon Hydra             Summ           0%         N/A       100%        7


Dungeon Overview and Level Annotations

Branches:
Dungeon (5/15)
 Temple: D:4-7

Altars:

Shops:
D:1 !   D:2 [   D:3 (


Innate Abilities, Weirdness & Mutations

You have a pair of small antennae on your head.
Your demonic aura sometimes causes spilled blood to erupt in flames.


Message History

The killer bee barely misses you. The killer bee closely misses you.
You barely miss the killer bee.
The killer bee is lightly wounded.
The killer bee stings you!
The killer bee stings you but does no damage.
You are too injured to fight recklessly!
You are too injured to fight recklessly!
You are too injured to fight recklessly!
You are too injured to fight recklessly!
You are too injured to fight recklessly!
You are too injured to fight recklessly!
You are too injured to fight recklessly!
You are too injured to fight recklessly!
You are too injured to fight recklessly!
You are too injured to fight recklessly!
You are too injured to fight recklessly!
You are too injured to fight recklessly!
You are too injured to fight recklessly!
You are too injured to fight recklessly!
You are too injured to fight recklessly!
It was a potion of invisibility.
You become transparent, but the glow from your halo prevents you from becoming completely invisible.
The killer bee barely misses you. The killer bee stings you.
It was a potion of heal wounds.
You feel much better. The killer bee stings you! The killer bee stings you.
You closely miss the killer bee. The killer bee stings you. x2
You hit the killer bee.
The killer bee is moderately wounded.
The killer bee barely misses you. The killer bee stings you.
You hit the killer bee.
The killer bee is severely wounded.
The killer bee stings you.
* * * LOW HITPOINT WARNING * * *
The killer bee closely misses you.
You barely miss the killer bee.
The killer bee is severely wounded.
The killer bee stings you!
* * * LOW HITPOINT WARNING * * *
The killer bee stings you.
You die...

#####.<....#
...... ...#
##..###..#
#.....#..###
#.(<#......##
#.###........##.
.. ##.#........
#. ##......##. #
#@#...##
##y######
##yyl....#
#..$.....#
#...#.......#
#.............#
#.#..##.......#
# #.. #.......#
... #.......#


You could see an iguana and 3 killer bees.

Vanquished Creatures
  A kobold brigand (D:4)
  A scorpion (D:4)
  A hound (D:4)
  Robin (D:4)
  2 adders (D:3)
  4 dart slugs
  4 orcs (D:3)
  4 endoplasms
  A giant cockroach (D:1)
  14 goblins
  11 hobgoblins
  25 kobolds
  3 ball pythons
  3 bats
  3 frilled lizards
  2 rats (D:1)
80 creatures vanquished.

Notes
Turn   | Place    | Note
-------+----------+-------------------------------------------
     0 | D:1      | Gadfly the Demonspawn Monk began the quest for the Orb.
     0 | D:1      | Reached XP level 1. HP: 18/18 MP: 1/1
   163 | D:1      | Found Ybbuff's Distillery.
   477 | D:1      | Gained mutation: Your demonic aura sometimes causes spilled
                  | blood to erupt in flames. [demonic ancestry]
   477 | D:1      | Reached XP level 2. HP: 24/24 MP: 2/2
   605 | D:1      | Reached skill level 1 in Evocations
   909 | D:2      | Reached skill level 3 in Unarmed Combat
  1123 | D:2      | Reached XP level 3. HP: 29/29 MP: 3/3
  1151 | D:2      | Found Hiurcho's Armour Emporium.
  1554 | D:2      | Reached skill level 1 in Shapeshifting
  2086 | D:3      | Gained mutation: You have a pair of small antennae on your
                  | head. [demonic ancestry]
  2086 | D:3      | Reached XP level 4. HP: 29/35 MP: 4/4
  2169 | D:3      | Found Pirejat's Antique Weapon Emporium.
  2207 | D:3      | You fall into a shaft and drop 1 floor!
  2541 | D:4      | Noticed a kobold brigand
  2553 | D:4      | Killed a kobold brigand
  2554 | D:4      | Reached XP level 5. HP: 37/41 MP: 5/5
  2821 | D:4      | Noticed Robin
  2839 | D:4      | Killed Robin
  3027 | D:4      | Reached skill level 4 in Unarmed Combat
  3027 | D:4      | Reached XP level 6. HP: 30/47 MP: 6/6
  3581 | D:5      | Entered Level 5 of the Dungeon
  3613 | D:5      | Slain by a killer bee

Illustrated notes

Levels and vault maps discovered:
D:1:      dpeg_arrival_concentric_ovals, layout_basic, serial_shops,
          nicolae_shop_tiny_statue_garden, kennysheep_nondescript,
          kennysheep_another_room
D:2:      layout_basic, serial_shops, nicolae_shop_rolling_square
D:3:      layout_basic, serial_shops, shop
D:4:      kennysheep_kobold_camp, layout_loops_ring, kennysheep_cluttered_room,
          chequers_serial_rivers_small_b, uniq_robin
D:5:      layout_loops_cross

Skill      XL: |  1  2  3  4  5 |
---------------+----------------+-----
Evocations     | 1 2 |  2.9
Unarmed Combat | 3 4 |  4.0
Shapeshifting  | 1 2 |  2.3
Dodging        | 3 |  3.5
Fighting       | |  3.0

Action                     |  1- 3 |  4- 6 || total
---------------------------+-------+-------++-------
  Melee: Unarmed           |   123 |   118 ||   241
    Use: Scroll            |     2 |     2 ||     4
         Potion            |     1 |     3 ||     4
 Armour: Robe              |    61 |    54 ||   115
         Animal skin       |       |    22 ||    22
  Dodge: Dodged            |    67 |    84 ||   151
